 Dungeon Crawl Stone Soup version 0.28.0-43-g3370ac3207 (webtiles) character file.

Game seed: 8591138839661596540

12693 joshe the Fighter (level 11, -2/115 (123) HPs)
             Began as an Ogre Transmuter on Mar 13, 2022.
             Was an Initiate of Gozag.
             Hit by a silver javelin thrown by a minotaur (41 damage)
             ... in a Gauntlet.
             The game lasted 02:23:15 (15358 turns).

joshe the Fighter (Ogre Transmuter)                Turns: 15358, Time: 02:23:16

HP:   -2/115 (123)  AC:  2    Str: 22    XL:     11   Next: 97%
MP:   12/22         EV: 20    Int: 18    God:    Gozag
Gold: 369           SH:  0    Dex: 14    Spells: 7/25 levels left

rFire   . . .      SeeInvis .     - Unarmed
rCold   . . .      Faith    .   (shield currently unavailable)
rNeg    . . .      Spirit   .   (armour currently unavailable)
rPois   x          Reflect  .   (helmet currently unavailable)
rElec   .          Harm     .   (cloak currently unavailable)
rCorr   .          Rampage  .   (gloves unavailable)
Will    +....      NoTele   +   (boots unavailable)
Stlth   ++........              y - amulet of regeneration
HPRegen 1.09/turn               n - ring of wizardry
MPRegen 0.18/turn               o - +6 ring of strength

@: spider-form, drained
A: venomous fangs, tiny, unfitting armour, (tough skin 1)
a: End Transformation, Renounce Religion, Potion Petition, Call Merchant, Bribe
Branch


You were in a Gauntlet.
You worshipped Gozag.
Gozag was aware of your devotion.
You were a venomous arachnid creature.
You visited 2 branches of the dungeon, and saw 11 of its levels.
You also visited: Sewer, Ossuary and Gauntlet.

You collected 2686 gold pieces.
You paid 2317 gold pieces to Gozag.

Inventory:

Hand Weapons
 c - a +4 quick blade
 w - a +1 vorpal shortbow
Missiles
 m - a throwing net
 x - 130 arrows
 z - 6 poisoned darts
Armour
 a - a +1 cloak of willpower (melded)
 h - a +0 robe of willpower (melded)
 i - a +1 pair of gloves of dexterity
 l - a +1 cloak
 u - a +1 hat (melded)
Jewellery
 j - a ring of poison resistance
 n - a ring of wizardry (left front leg)
 o - a +6 ring of strength (right front leg)
 q - a ring of magical power
 y - an amulet of regeneration (around neck)
Scrolls
 b - 2 scrolls of enchant weapon
 d - a scroll of fear
 B - 2 scrolls of identify
Potions
 e - a potion of curing
 f - a potion of haste
 g - 3 potions of flight
 p - 3 potions of mutation
 r - 2 potions of brilliance
 s - 2 potions of might
 t - a potion of cancellation
 v - a potion of magic


   Skills:
 - Level 12.1 Fighting
 - Level 2.0 Bows
 - Level 4.0 Dodging
 - Level 2.0 Stealth
 - Level 8.0 Unarmed Combat
 + Level 7.7 Spellcasting
 - Level 8.0 Conjurations
 - Level 6.0 Transmutations
 - Level 2.0 Ice Magic
 - Level 2.0 Poison Magic


You had 7 spell levels left.
You knew the following spells:

 Your Spells              Type           Power      Damage    Failure   Level
a - Beastly Appendage     Tmut           56%        N/A       1%          1
b - Wereblood             Tmut           28%        N/A       2%          2
c - Spider Form           Tmut/Pois      21%        N/A       7%          3
d - Ice Form              Ice/Tmut       21%        N/A       16%         4
e - Magic Dart            Conj           100%       1d8       1%          1
f - Searing Ray           Conj           70%        2d7       1%          2
g - Iskenderun's Battles  Conj           35%        2d9       11%         5

Your spell library contained the following spells:

 Spells                   Type           Power      Damage    Failure   Level
 Animate Skeleton         Necr           12%        N/A       10%         1
 Apportation              Tloc           12%        N/A       10%         1
 Pain                     Necr           24%        1d5       10%         1
 Fulminant Prism          Conj/Hex       10%        3d9       16%         4
 Call Canine Familiar     Summ           6%         N/A       24%         3
 Portal Projectile        Hex/Tloc       12%        N/A       24%         3
 Vampiric Draining        Necr           6%         2d6       24%         3
 Alistair's Intoxication  Tmut/Pois      14%        N/A       36%         5
 Fireball                 Conj/Fire      10%        3d6       36%         5
 Leda's Liquefaction      Hex/Erth       3%         N/A       52%         4
 Conjure Ball Lightning   Conj/Air       10%        3x3d6     85%         6
 Orb of Destruction       Conj           17%        9d7       86%         7


Dungeon Overview and Level Annotations

Branches:
Dungeon (9/15)             Temple (0/1) D:6             Orc (2/2) D:9
  Sewer (visited)         Ossuary (visited)         Gauntlet (1/1)
   Lair: D:8-11         Elf: Orc:2

Altars:
Ashenzari
Gozag
Hepliaklqana
Kikubaaqudgha
Okawaru
Qazlal
Trog
Uskayaw
Yredelemnul
The Shining One

Annotations:
D:6 3 runed translucent doors, combatraven's ghost, novice GnCK
D:7 1 runed translucent door, Icepheonix32's ghost, novice DsFi Gauntlet 7 transporters, 1 runed translucent door, exclusion: obsidian statue


Innate Abilities, Weirdness & Mutations

You are a venomous arachnid creature.
You have poisonous fangs.
You are tiny and dextrous.
Your spellcasting is less reliable in this form.
Your armour is entirely melded.
You are incapable of wielding weapons or throwing items.
You are too large for most types of armour.
((You have tough skin. (AC +1)))


Message History

There is a transporter here.
You enter the transporter and appear at another place.
Okay, then.
Okay, then.
w - a +1 vorpal shortbow (weapon)
You are now empty-handed.
Casting: Spider Form (mildly dangerous; 2% risk of failure)
Confirm with . or Enter, or press ? or * to list all spells.
You miscast Iskenderun's Battlesphere.
You are very lightly contaminated with residual magic.
You feel a strange surge of energy.
Unknown command.
You start resting.
HP restored.
You start resting.
Your magical contamination has completely faded away.
Casting: Iskenderun's Battlesphere (dangerous; 4% risk of failure)
Confirm with . or Enter, or press ? or * to list all spells.
You conjure a globe of magical energy.
Casting: Iskenderun's Battlesphere (dangerous; 4% risk of failure)
Confirm with . or Enter, or press ? or * to list all spells.
You turn into a venomous arachnid creature.
Your +1 cloak of willpower melds into your body.
Your +1 hat melds into your body.
Your +0 robe of willpower melds into your body.
You feel less strong-willed. x2
You open the door.
A minotaur comes into view.
It is wielding the +6 double sword of Moskah {flame, rN++ rCorr Str-3 Int+4} and quivering silver javelins.
The minotaur bellows!
The minotaur throws a silver javelin.
The silver javelin pierces through you!!!
The silver sears you!
Found the +7 lajatang of Order {silver, rMut}.
Found a gate leading back out of this place.
As you read the scroll of fog, it crumbles to dust.
The scroll dissolves into smoke.
The minotaur throws a silver javelin.
The silver javelin pierces through you!!!
You die...
Your body crumbles into a pile of gold.

##+### #.⌠.. #...⌠
⌠.. ..§ #H#
#######§#######
#...§§s*§§....#
#.###§###§###.#
#.............#
###.###.###.###
####.###.###.####
.................
.♣.♣.©.©.©.©.♣.♣.
................. ##
###
#####################
###


You could see a minotaur and a friendly battlesphere.

Vanquished Creatures
  A centaur warrior (D:9)
  2 two-headed ogres
  A death drake (Gauntlet)
  A wizard (D:9)
  A cyclops (D:9)
  A spectral centaur (Gauntlet)
  4 elephants (Gauntlet)
  A torpor snail (Gauntlet)
  A spectral harpy (Gauntlet)
  2 trolls (D:9)
  Grinder (D:4)
  A meliai zombie (Gauntlet)
  Sigmund (D:5)
  7 yaks
  3 steam dragons
  Edmund (D:6)
  9 orc warriors
  A sky beast (D:4)
  A black bear (D:5)
  2 ogres
  4 centaurs
  2 phantoms (D:6)
  A kobold brigand (D:8)
  2 elf zombies (Ossuary)
  2 bullfrogs (Sewer)
  3 scorpions
  A wyvern zombie (D:5)
  2 water moccasin zombies (D:5)
  7 killer bees (D:9)
  4 wights (D:5)
  A vampire bat (Orc:2)
  A bullfrog zombie (D:5)
  4 centaur zombies
  4 hounds
  Crazy Yiuf (D:2)
  7 orc priests
  A centaur skeleton (D:6)
  3 jellies
  2 bullfrog skeletons
  2 gnoll shamans
  Jessica (D:3)
  2 iguanas
  11 orc wizards
  A killer bee zombie (D:6)
  A hound skeleton (D:5)
  3 mummies
  2 howler monkey zombies
  8 gnolls
  7 adders
  4 shadow imps
  A white imp (D:6)
  An adder skeleton (D:4)
  A worm (D:2)
  3 dart slugs
  42 orcs
  10 ball pythons
  8 endoplasms
  11 giant cockroaches
  5 goblins
  10 hobgoblins
  7 quokkas
  8 bats
  7 frilled lizards
  A goblin skeleton (D:8)
  3 goblin zombies
  11 hobgoblin zombies (Ossuary)
  A jackal zombie (Ossuary)
  16 kobolds
  A kobold skeleton (D:8)
  10 kobold zombies
  9 orc zombies (Ossuary)
  6 rats
  A rat zombie (Ossuary)
309 creatures vanquished.

Vanquished Creatures (others)
  A wizard (Gauntlet)
  A shadow imp (Gauntlet)
  3 plants (D:6)
5 creatures vanquished.

Grand Total: 314 creatures vanquished

Notes
Turn   | Place    | Note
-------+----------+-------------------------------------------
     0 | D:1      | joshe the Ogre Transmuter began the quest for the Orb.
     0 | D:1      | Reached XP level 1. HP: 19/19 MP: 3/3
   412 | D:1      | Reached XP level 2. HP: 23/27 MP: 1/5
   470 | D:1      | Found a faded altar of an unknown god.
   702 | D:1      | Reached XP level 3. HP: 33/33 MP: 4/6
  1177 | D:2      | Learned a level 3 spell: Spider Form
  1770 | D:2      | Reached skill level 1 in Stealth
  1770 | D:2      | Reached XP level 4. HP: 38/41 MP: 7/7
  2290 | D:2      | Found a runed translucent door.
  2291 | D:2      | Noticed Crazy Yiuf
  2299 | D:2      | Killed Crazy Yiuf
  2594 | D:3      | Found an opulent altar of Gozag.
  2609 | D:3      | Became a worshipper of Gozag Ym Sagoz the Greedy
  2703 | D:3      | Found a broken altar of Ashenzari.
  2712 | D:3      | Reached skill level 2 in Fighting
  2712 | D:3      | Reached XP level 5. HP: 38/49 MP: 4/8
  2753 | D:3      | Noticed Jessica
  2762 | D:3      | Reached skill level 1 in Poison Magic
  2764 | D:3      | Killed Jessica
  3738 | D:4      | Reached skill level 3 in Fighting
  3738 | D:4      | Reached XP level 6. HP: 52/61 MP: 5/10
  3761 | D:4      | Noticed Grinder
  4117 | D:4      | Found a sand-covered staircase.
  4124 | D:4      | Reached skill level 4 in Fighting
  4128 | Ossuary  | Entered an ossuary
  4141 | Ossuary  | Learned a level 2 spell: Wereblood
  4644 | Ossuary  | Reached skill level 5 in Unarmed Combat
  4651 | Ossuary  | Reached XP level 7. HP: 64/71 MP: 5/11
  4654 | Ossuary  | Reached skill level 5 in Fighting
  4998 | D:4      | Found a hide-covered altar of Uskayaw.
  5078 | D:5      | Entered Level 5 of the Dungeon
  5099 | D:5      | Reached skill level 6 in Fighting
  5151 | D:5      | Noticed Sigmund
  5618 | D:5      | Reached skill level 7 in Fighting
  5744 | D:5      | Found a glowing golden altar of the Shining One.
  5833 | D:6      | Found a glowing drain.
  5843 | Sewer    | Entered a sewer
  6219 | Sewer    | Reached skill level 8 in Fighting
  6219 | Sewer    | Reached XP level 8. HP: 79/88 MP: 8/13
  6787 | D:6      | Learned a level 4 spell: Ice Form
  6812 | D:6      | Noticed Edmund
  6834 | D:6      | Found a staircase to the Ecumenical Temple.
  6871 | D:6      | Reached skill level 1 in Ice Magic
  7161 | D:6      | Noticed combatraven's ghost (novice GnCK)
  7402 | D:6      | Found a runed translucent gate.
  7405 | D:6      | Found a runed translucent gate.
  7407 | D:6      | Found a runed translucent gate.
  7477 | D:6      | Killed Edmund
  7478 | D:6      | Reached skill level 9 in Fighting
  7545 | D:6      | Noticed a two-headed ogre
  8347 | D:6      | Found a stormy altar of Qazlal.
  8806 | D:5      | Reached XP level 9. HP: 87/98 MP: 8/15
  9279 | D:4      | Found an ancient bone altar of Kikubaaqudgha.
  9431 | D:4      | Killed Grinder
  9535 | D:5      | Reached skill level 5 in Spellcasting
  9568 | D:5      | Killed Sigmund
  9805 | D:5      | Killed a two-headed ogre
  9806 | D:5      | Reached skill level 10 in Fighting
  9806 | D:5      | Reached skill level 5 in Transmutations
 10069 | D:5      | Found a bloodstained altar of Trog.
 10306 | D:7      | Noticed Icepheonix32's ghost (novice DsFi)
 10306 | D:7      | Found a runed translucent door.
 10783 | D:7      | Found an iron altar of Okawaru.
 10933 | D:7      | Found a hazy altar of Hepliaklqana.
 10998 | D:8      | Noticed a two-headed ogre
 11007 | D:7      | Reached skill level 1 in Bows
 11007 | D:7      | Reached XP level 10. HP: 92/110 MP: 15/19
 11134 | D:7      | Killed a two-headed ogre
 11505 | D:8      | Found a runed translucent door.
 11513 | D:8      | Found a basalt altar of Yredelemnul.
 11714 | D:8      | Reached skill level 11 in Fighting
 12260 | D:9      | Learned a level 1 spell: Magic Dart
 12263 | D:9      | Learned a level 2 spell: Searing Ray
 12353 | D:9      | Reached skill level 1 in Conjurations
 12357 | D:9      | Reached skill level 12 in Fighting
 12701 | D:9      | Noticed a centaur warrior
 12910 | D:9      | Killed a centaur warrior
 12911 | D:9      | Reached XP level 11. HP: 42/123 MP: 17/20
 13029 | D:9      | Noticed a wizard
 13043 | D:9      | Killed a wizard
 13422 | D:9      | Found a staircase to the Orcish Mines.
 13576 | Orc:1    | Entered Level 1 of the Orcish Mines
 13901 | D:9      | Reached skill level 5 in Conjurations
 13924 | Orc:1    | Noticed a cyclops
 13942 | D:9      | Killed a cyclops
 14561 | Orc:2    | Entered Level 2 of the Orcish Mines
 14598 | Orc:2    | Noticed a two-headed ogre
 14600 | Orc:2    | Noticed an ogre mage
 14642 | Orc:2    | Found a gate leading to a gauntlet.
 14656 | Gauntlet | Entered a Gauntlet
 14656 | Gauntlet | Found a transporter.
 14656 | Gauntlet | Found a runed translucent door.
 14660 | Gauntlet | Found a runed translucent door.
 14667 | Gauntlet | Found a transporter.
 14669 | Gauntlet | Found a transporter.
 14687 | Gauntlet | Found a transporter.
 14689 | Gauntlet | Found a transporter.
 14692 | Gauntlet | Noticed a great orb of eyes
 14693 | Gauntlet | Noticed a purple ugly thing
 14693 | Gauntlet | Noticed a cyan ugly thing
 14699 | Gauntlet | Found the +1 cloak of Starlight {*Dazzle EV+4 Stlth--}
 14703 | Gauntlet | Found a transporter.
 14716 | Gauntlet | Noticed an obsidian statue
 14719 | Gauntlet | Found a transporter.
 14728 | Gauntlet | Found a runed translucent door.
 14729 | Gauntlet | Found a transporter.
 14730 | Gauntlet | Found a runed translucent door.
 14732 | Gauntlet | Noticed a death drake
 14738 | Gauntlet | Noticed a sixfirhy
 14738 | Gauntlet | Noticed a sixfirhy
 14739 | Gauntlet | Noticed a sixfirhy
 14740 | Gauntlet | Noticed a sixfirhy
 14744 | Gauntlet | Found a transporter.
 14744 | Gauntlet | Found a transporter.
 14746 | Gauntlet | Found a transporter.
 14748 | Gauntlet | Noticed a wizard
 14758 | Gauntlet | Found a transporter.
 14787 | Gauntlet | Found a transporter.
 15112 | Gauntlet | Killed a wizard
 15119 | Gauntlet | Learned a level 5 spell: Iskenderun's Battlesphere
 15188 | Gauntlet | Killed a death drake
 15356 | Gauntlet | Found the +7 lajatang of Order {silver, rMut}
 15356 | Gauntlet | Identified the +6 double sword of Moskah {flame, rN++ rCorr
                  | Str-3 Int+4}
 15356 | Gauntlet | Noticed a minotaur
 15358 | Gauntlet | Hit by a silver javelin thrown by a minotaur

Illustrated notes

Levels and vault maps discovered:
D:1:      heliophobic_arrival_glass_houses, layout_rooms,
          hellmonk_ecumenical_altar_inner_sanctum, chequers_jeans
D:2:      layout_loops_corners, grunt_decor_fettered, uniq_crazy_yiuf_cottage
D:3:      layout_basic, nicolae_ashenzari_panopticon,
          nicolae_overflow_crystal_walls, minivault_19, minmay_misc_feat_x,
          uniq_jessica
D:4:      layout_rooms, nicolae_uskayaw_suspiria, mainiacjoe_overflow_alcove_1,
          nicolae_ossuary_entry_giza, uniq_grinder
D:5:      layout_basic, marbit_many_paths, mainiacjoe_overflow_alcove_4,
          uniq_sigmund
D:6:      layout_loops_corners, kennysheep_mini, minmay_temple_entry_overgrown,
          portal_sewer_entry_d, gammafunk_ghost_split, uniq_edmund
D:7:      layout_loops_ring, lemuel_doored_altar, okawaru_gym_becter,
          ebering_ghost_reflecting_pool, minmay_misc_feat_rugged
D:8:      layout_cave_pools, dk_yredelemnul_ordeal
D:9:      layout_long_grid, hiddenorc1_lemuel, minmay_bent
Orc:1:    layout_caves
Orc:2:    grunt_orc_cross, layout_diamond_mine, gauntlet_entry_generic,
          serial_shops, nicolae_shop_advertising_works
          [nicolae_subvault_shop_adworks], roderic_batcave, led_sif_book
Gauntlet: minmay_gauntlet_77_tree [minmay_gauntlet_arena_77_shame_cube,
          minmay_gauntlet_arena_77_block_sizes,
          minmay_gauntlet_arena_77_hold_the_fort,
          minmay_gauntlet_arena_77_radiant_squares,
          minmay_gauntlet_arena_77_cramped, minmay_gauntlet_arena_77_box,
          minmay_gauntlet_arena_77_fan, gauntlet_exit_hidden_loot]

Skill      XL: |  1  2  3  4  5  6  7  8  9 10 11 |
---------------+----------------------------------+-----
Unarmed Combat | 3 4 5 7 8 |  8.0
Transmutations | 2 4 5 6 |  6.0
Stealth        | 1 2 |  2.0
Fighting       | 2 3 4 8 9 10 12 | 12.1
Dodging        | 2 4 |  4.0
Poison Magic   | 2 |  2.0
Spellcasting   | 3 4 6 7 |  7.7
Ice Magic      | 2 |  2.0
Bows           | 1 2 |  2.0
Conjurations   | 4 8 |  8.0

Action                   |  1- 3 |  4- 6 |  7- 9 | 10-12 || total
-------------------------+-------+-------+-------+-------++-------
Melee: Unarmed           |    89 |   164 |   258 |   308 ||   819
       Kick              |    18 |    29 |    18 |     1 ||    66
       Headbutt          |    11 |    15 |     6 |       ||    32
       Punch             |     2 |     2 |     2 |     1 ||     7
       Dagger            |       |     2 |       |       ||     2
       Quarterstaff      |       |     1 |     4 |       ||     5
       Quick blade       |       |       |     9 |     1 ||    10
 Fire: Hunting sling     |       |    19 |       |       ||    19
       Shortbow          |       |       |    66 |    75 ||   141
Throw: Stone             |     9 |       |       |       ||     9
 Cast: Beastly Appendage |    29 |    21 |    12 |     3 ||    65
       Spider Form       |       |    12 |    44 |    42 ||    98
       Wereblood         |       |    10 |    10 |    17 ||    37
       Ice Form          |       |       |     3 |     2 ||     5
       Searing Ray       |       |       |       |     8 ||     8
       Magic Dart        |       |       |       |     3 ||     3
       Iskenderun's Batt |       |       |       |     2 ||     2
Invok: Potion Petition   |       |       |       |     6 ||     6
 Abil: End Transformatio |       |       |     2 |     5 ||     7
  Use: Scroll            |     3 |     2 |     7 |    10 ||    22
       Potion            |       |       |     2 |     5 ||     7
 Stab: Sleeping          |       |     3 |       |       ||     3
       Distracted        |       |       |       |     4 ||     4
       Invisible         |       |       |       |     1 ||     1
Armor: Robe              |    36 |    29 |    40 |    48 ||   153
       Skin              |       |     3 |    12 |    36 ||    51
Dodge: Dodged            |    55 |    99 |   203 |   375 ||   732
